 Dungeon Crawl Stone Soup version 0.20-a0-73-g65ed1cb (webtiles) character file.

153 KristoblXynda the Shield-Bearer (level 5, 0/36 HPs)
             Began as an Octopode Fighter on Nov 18, 2016.
             Slain by an orc wizard
             ... wielding a +0 dagger
              (2 damage)
             ... on level 3 of the Dungeon.
             The game lasted 00:03:00 (1913 turns).

KristoblXynda the Shield-Bearer (Octopode Fighter)  Turns: 1913, Time: 00:03:01

Health: 0/36       AC:  1    Str: 21    XL:     5   Next: 35%
Magic:  5/5        EV: 11    Int: 11    God:
Gold:   85         SH:  0    Dex: 11    Spells: 0 memorised, 4 levels left

rFire  . . .     SeeInvis .     a - +0 long sword
rCold  . . .     Gourm    .     b - +0 shield
rNeg   . . .     Faith    .     (helmet restricted)
rPois  .         Spirit   .     (no amulet)
rElec  .         Reflect  .     (no ring)
rCorr  .         Harm     .     (no ring)
MR     .....                    (no ring)
Stlth  ++........               (no ring)
                                (no ring)
                                (no ring)
                                (no ring)
                                (no ring)

@: confused, mighty, flying
A: almost no armour, stealthy swim, amphibious, 8 rings, constrict 8, camouflage
1, gelatinous body 1
a: no special abilities


You were on level 3 of the Dungeon.
You were not hungry.

You visited 1 branch of the dungeon, and saw 3 of its levels.

You collected 85 gold pieces.

Inventory:

Hand Weapons
 a - a +0 long sword (weapon)
Armour
 b - a +0 shield (worn)
Scrolls
 e - 2 scrolls of identify {unknown}
 f - a scroll of remove curse {unknown}
 j - a scroll of amnesia {unknown}
 m - a scroll of enchant weapon {unknown}
 n - a scroll of teleportation {unknown}
Potions
 c - a potion of might
 l - a potion of ambrosia {unknown}
Comestibles
 d - 5 bread rations
 h - a meat ration


   Skills:
 - Level 3.0 Fighting
 + Level 3.4 Long Blades
 - Level 3.0 Dodging
 + Level 3.9 Stealth
 + Level 4.1 Shields


You had 4 spell levels left.
You didn't know any spells.

Dungeon Overview and Level Annotations

Branches:
Dungeon (3/15)

Altars:
Ru


Innate Abilities, Weirdness & Mutations

You cannot wear most types of armour.
You are very stealthy in the water. (Stealth+)
You are amphibious.
You can wear up to eight rings at the same time.
You can use your tentacles to constrict eight enemies at once.
Your skin changes colour to match your surroundings (Stealth+).
Your rubbery body absorbs attacks. (AC +1, EV +1)


Message History

The orc wizard flickers and vanishes!
Deactivating autopickup; reactivate with Ctrl-A.
You barely miss something. Your squeeze misses something.
You hear some strange, mumbled words.
Something tries to affect you, but you resist.
You barely miss something. Something hits you.
You hit something. Something hits you but does no damage. Something hits you.
You hit something but do no damage. Something hits you.
You barely miss something. Something hits you.
* * * LOW HITPOINT WARNING * * *
You feel very mighty all of a sudden. Something hits you.
* * * LOW HITPOINT WARNING * * *
You barely miss something. Something hits you.
* * * LOW HITPOINT WARNING * * *
You miss something. Your squeeze misses something.
You hear some strange, mumbled words.
You are confused.
Something hits you.
You die...

#.#.# #.# #..##
####.#.###.####..##
#.##...............
#.##.#.###.###.....
#........... ##..#.
########.##.#..##.####....
#......†..................
#########.####............
#@# .######....# #{# .#
#....#


.So #....# ..... #..... ......# #..... .###+### #..... ## #..... #....# #...<#
You could see an adder and an orc.

Vanquished Creatures
  An orc priest (D:3)
  Crazy Yiuf (D:3)
  2 orc wizards
  2 worms (D:2)
  5 dart slugs
  A leopard gecko (D:1)
  An orc (D:3)
  2 ball pythons (D:2)
  2 bats
  2 giant cockroaches (D:2)
  4 goblins
  3 hobgoblins
  4 jackals
  4 kobolds (D:2)
  4 frilled lizards (D:2)
  11 rats
49 creatures vanquished.

Notes
Turn   | Place    | Note
-------+----------+-------------------------------------------
     0 | D:1      | KristoblXynda the Octopode Fighter began the quest for the Orb.
     0 | D:1      | Reached XP level 1. HP: 16/16 MP: 1/1
   130 | D:1      | Reached XP level 2. HP: 19/21 MP: 2/2
   236 | D:1      | Reached skill level 1 in Stealth
   641 | D:2      | Found a sacrificial altar of Ru.
   649 | D:2      | Reached XP level 3. HP: 14/26 MP: 3/3
   928 | D:2      | Reached XP level 4. HP: 20/31 MP: 4/4
  1818 | D:3      | Found a runed door.
  1822 | D:3      | Noticed Crazy Yiuf
  1827 | D:3      | Killed Crazy Yiuf
  1827 | D:3      | Reached skill level 4 in Shields
  1897 | D:3      | Reached XP level 5. HP: 9/36 MP: 5/5
  1913 | D:3      | Slain by an orc wizard

Vault maps used:
D:1:      dpeg_arrival_long_road
D:2:      nicolae_ru_great_annihilating_truth, first_bread,
          kennysheep_generic_room_14
D:3:      chequers_ecumenical_altar_simple, cheibriados_altar_wand_db,
          uniq_crazy_yiuf_cottage

Skill      XL: |  1  2  3  4 |
---------------+-------------+-----
Stealth        | 2 3 |  3.9
Long Blades    | 3 |  3.4
Shields        | 4 |  4.1
Fighting       | |  3.0
Dodging        | |  3.0

Action                   |  1- 3 |  4- 6 || total
-------------------------+-------+-------++-------
Melee: Long sword        |    42 |    53 ||    95
       Constrict         |    17 |    12 ||    29
       Tentacles         |     6 |     8 ||    14
  Use: Potion            |       |     5 ||     5
 Stab: Sleeping          |     5 |     7 ||    12
  Eat: Chunk             |       |     3 ||     3
Armor: Skin              |     2 |       ||     2
Dodge: Dodged            |    22 |     9 ||    31
Block: Shield            |    18 |     9 ||    27
       Rpst.: Long sword |     6 |     4 ||    10
